 Dungeon Crawl Stone Soup version 0.30-a0-800-g7c544603b3 (webtiles) character file.

Game seed: 4552028912912971924

2113 cforsyth the Nimble (level 9, -2/56 HPs)
             Began as a Kobold Gladiator on Feb 21, 2023.
             Was an Initiate of Dithmenos.
             Killed from afar by an orc wizard (4 damage)
             ... with a puff of flame
             ... on level 6 of the Dungeon.
             The game lasted 00:16:16 (6941 turns).

cforsyth the Nimble (Kobold Gladiator)              Turns: 6941, Time: 00:16:17

Health: -2/56      AC:  8    Str: 11    XL:     9   Next: 53%
Magic:  0/9        EV: 20    Int:  7    God:    Dithmenos [......]
Gold:   236        SH:  0    Dex: 21    Spells: 8/8 levels left

rFire   . . .      SeeInvis .    a - +0 long sword
rCold   . . .      Faith    .    (no shield)
rNeg    . . .      Spirit   +    h - +1 robe "Kiodde" {rElec Int-2 Archmagi}
rPois   .          Reflect  .    s - +2 helmet
rElec   +          Harm     .    t - +0 cloak
rCorr   .          Rampage  .    r - +0 pair of gloves
Will    .....      Archmagi +    (no boots)
Stlth   +++                      l - amulet of guardian spirit
HPRegen 0.29/turn                (no ring)
MPRegen 0.11/turn                (no ring)

@: no status effects
A: small, no large weapons, nightstalker 3
a: Renounce Religion


You were on level 6 of the Dungeon.
You worshipped Dithmenos.
Dithmenos was noncommittal.
You visited 2 branches of the dungeon, and saw 7 of its levels.

You collected 236 gold pieces.

Inventory:

Hand Weapons
 a - a +0 long sword (weapon)
Missiles
 d - 3 throwing nets (quivered)
 e - 2 boomerangs
Armour
 h - the +1 robe "Kiodde" (worn) {rElec Int-2 Archmagi}
   (You found it on level 2 of the Dungeon)

   Int:       It affects your intelligence (-2).
   rElec:     It insulates you from electricity.
   Archmagi:  It increases the power of your magical spells.
 r - a +0 pair of gloves (worn)
 s - a +2 helmet (worn)
 t - a +0 cloak (worn)
Jewellery
 l - an amulet of guardian spirit (around neck)
 z - a ring of magical power
 B - an amulet of reflection
 C - an amulet of faith
 E - a ring of resist corrosion
Scrolls
 b - a scroll of silence {unknown}
 g - 2 scrolls of poison {unknown}
 i - a scroll of fear {unknown}
 j - a scroll of summoning {unknown}
 k - 4 scrolls of teleportation
 m - 2 scrolls of blinking {unknown}
 n - a scroll of enchant weapon {unknown}
 o - 3 scrolls of magic mapping {unknown}
 w - a scroll of brand weapon {unknown}
 x - 2 scrolls of torment {unknown}
 y - a scroll of identify
 D - a scroll of fog {unknown}
Potions
 c - a potion of resistance {unknown}
 f - 2 potions of curing
 p - 4 potions of haste
 q - 3 potions of attraction
 v - 2 potions of heal wounds {unknown}
 A - 2 potions of degeneration {unknown}


   Skills:
 + Level 6.9 Fighting
 + Level 5.5 Long Blades
 + Level 6.8 Throwing
 + Level 8.1 Dodging


You had 8 spell levels left.
You didn't know any spells.
Your spell library contained the following spells:

 Spells                   Type           Power      Damage    Failure   Level
 Necrotise                Necr           0%         1d4       43%         1
 Cigotuvi's Dreadful Rot  Necr/Pois/Air  0%         N/A       56%         2
 Poisonous Vapours        Pois/Air       0%         N/A       56%         2
 Mephitic Cloud           Conj/Pois/Air  0%         N/A       80%         3
 Ozocubu's Armour         Ice            0%         N/A       80%         3
 Vampiric Draining        Necr           0%         2d6       80%         3
 Agony                    Necr           0%         N/A       100%        5
 Ozocubu's Refrigeration  Ice            0%         4d7       100%        7


Dungeon Overview and Level Annotations

Branches:
Dungeon (6/15)             Temple (1/1) D:6

Altars:
Ashenzari
Dithmenos
Elyvilon
Gozag
Hepliaklqana
Kikubaaqudgha
Qazlal
Uskayaw
Vehumet
Wu Jian
Xom

Annotations:
D:3 1 runed translucent door, Crazy Yiuf


Innate Abilities, Weirdness & Mutations

You are small and have problems with some larger weapons.
You are completely attuned to the shadows.


Message History

You aren't carrying any items that you can evoke.
Maggie misses you.
Things that are here:
a +1 robe of the Archmagi; a +0 dagger You slash Maggie!
Maggie is almost dead.
Maggie mumbles some strange words.
Maggie attempts to bespell you!
You are mesmerised by Maggie!
The orc wizard mumbles some strange words.
The orc wizard flickers and vanishes!
Deactivating autopickup; reactivate with Ctrl-A.
You hit Maggie but do no damage.
Maggie is almost dead.
Maggie hits you with a +0 halberd of flaming!
Maggie burns you.
You hit Maggie but do no damage.
Maggie is almost dead.
Maggie points at you and mumbles some strange words.
The bolt of fire hits you!!
You closely miss Maggie.
Maggie is almost dead.
Maggie says, "How do the people who live here stand the isolation?"
Maggie points at you and mumbles some strange words.
The bolt of fire hits you!!
* * * LOW HITPOINT WARNING * * *
You hit Maggie.
You break out of your daze!
You kill Maggie!
Dithmenos accepts your kill.
You hear some strange, mumbled words.
Something tries to affect you, but you resist.
Your Dodging skill increases to level 8!
Unknown command.
There is a staircase to the Ecumenical Temple, spattered with blood here.
You can't go up here!
You hear some strange, mumbled words.
A puff of flame appears from out of thin air!
The puff of flame hits you.
You die...

#.# ###.#
#.).#
#########.###
#.........#
#...#.#...#
#..#.#{#..#
#.#.#[#.#.#
##..#.@.#..#
#..#.#.#.#.#
#...#.#.#..#
#....#.#...#
#..........#
#>........##
.#
#.#########
.# #.# .# #.#


There were no monsters in sight!

Vanquished Creatures
  Maggie (D:6)
  Prince Ribbit (D:5)
  Sigmund (D:3)
  Eustachio (D:5)
  2 black bears (D:5)
  2 ogres (D:5)
  A centaur (D:5)
  A phantom (D:6)
  A howler monkey (D:5)
  3 hounds
  7 orc priests
  2 jellies (D:5)
  An iguana (D:5)
  5 orc wizards
  Robin (D:1)
  10 adders
  A white imp (D:6)
  An ufetubus (D:6)
  4 dart slugs
  19 orcs
  8 ball pythons
  9 endoplasms
  5 giant cockroaches
  15 goblins
  16 hobgoblins
  13 jackals
  11 kobolds
  5 quokkas
  8 bats
  9 frilled lizards
  6 rats
170 creatures vanquished.

Vanquished Creatures (others)
  An orc wizard (D:6)
  An orc (D:6)
  A bat (D:1)
  A goblin (D:2)
  3 fungi (D:3)
  A plant (D:1)
8 creatures vanquished.

Grand Total: 178 creatures vanquished

Notes
Turn   | Place    | Note
-------+----------+-------------------------------------------
     0 | D:1      | cforsyth the Kobold Gladiator began the quest for the Orb.
     0 | D:1      | Reached XP level 1. HP: 12/12 MP: 1/1
   114 | D:1      | Reached XP level 2. HP: 18/18 MP: 2/2
   225 | D:1      | Reached XP level 3. HP: 22/22 MP: 3/3
   328 | D:1      | Reached skill level 4 in Dodging
   439 | D:1      | Found a faded altar of an unknown god.
   861 | D:1      | You fall into a shaft and drop 1 floor!
   981 | D:2      | Reached XP level 4. HP: 27/28 MP: 4/4
  1222 | D:2      | Noticed Robin
  1410 | D:1      | Killed Robin
  1465 | D:2      | Identified the +1 robe "Kiodde" {rElec Int-2 Archmagi}
  1659 | D:2      | Reached XP level 5. HP: 28/32 MP: 5/5
  2085 | D:3      | Noticed Sigmund
  2417 | D:3      | Killed Sigmund
  2418 | D:3      | Reached skill level 5 in Dodging
  2418 | D:3      | Reached XP level 6. HP: 31/38 MP: 4/6
  3101 | D:3      | Reached XP level 7. HP: 25/43 MP: 4/7
  3638 | D:3      | Found a runed translucent door.
  3641 | D:3      | Noticed Crazy Yiuf
  4913 | D:5      | Entered Level 5 of the Dungeon
  4945 | D:5      | Reached skill level 6 in Dodging
  5043 | D:5      | Noticed Prince Ribbit
  5065 | D:5      | Reached XP level 8. HP: 8/48 MP: 1/8
  5141 | D:5      | Reached skill level 5 in Fighting
  5141 | D:5      | Reached skill level 5 in Throwing
  5245 | D:5      | Noticed Eustachio
  5263 | D:5      | Killed Eustachio
  5470 | D:5      | Reached skill level 7 in Dodging
  5522 | D:5      | Killed Prince Ribbit
  5523 | D:5      | Reached skill level 5 in Long Blades
  5523 | D:5      | Reached XP level 9. HP: 30/55 MP: 4/9
  6065 | D:6      | Found a staircase to the Ecumenical Temple.
  6077 | Temple   | Entered the Ecumenical Temple
  6172 | Temple   | Became a worshipper of Dithmenos the Shadowed
  6334 | D:6      | Noticed Maggie
  6551 | D:6      | HP: 1/56 [acid (8)]
  6764 | D:6      | Found a hazy altar of Hepliaklqana.
  6938 | D:6      | HP: 1/56 [Maggie/bolt of fire (16)]
  6939 | D:6      | Killed Maggie
  6940 | D:6      | Reached skill level 8 in Dodging
  6941 | D:6      | Killed from afar by an orc wizard

Illustrated notes

Levels and vault maps discovered:
D:1:      tarquinn_simple_flora_water_d, layout_loops_corners,
          dreamdust_ecumenical_altar_angels_and_demons, serial_bayou,
          serial_bayou_pond_e, serial_bayou_pond_d, serial_bayou_crossing,
          serial_bayou_pond_e
D:2:      minmay_angry_zag, layout_basic, uniq_robin
D:3:      kennysheep_big_flooded_room, layout_basic,
          minmay_fractal_squares_gapless_5, uniq_sigmund,
          uniq_crazy_yiuf_cottage
D:4:      layout_gridville, mrwooster_statue_mirror
D:5:      layout_cave_pools, corexii_leaking_fountain, uniq_prince_ribbit1,
          uniq_eustachio
D:6:      layout_loops_ring, nicolae_ru_sacrificial_ziggurat, lemuel_tele_altar,
          minmay_temple_entry_grid, kennysheep_generic_room_15, uniq_maggie
Temple:   eino_temple_lava

Skill      XL: |  1  2  3  4  5  6  7  8  9 |
---------------+----------------------------+-----
Dodging        | 4 5 6 7 8 |  8.1
Fighting       | 3 4 6 |  6.9
Throwing       | 3 4 6 |  6.8
Long Blades    | 3 4 5 |  5.5

Action                     |  1- 3 |  4- 6 |  7- 9 || total
---------------------------+-------+-------+-------++-------
  Melee: Long sword        |    99 |   151 |   310 ||   560
         Punch             |       |       |     3 ||     3
  Evoke: Wand              |       |       |    11 ||    11
    Use: Potion            |       |     3 |       ||     3
         Scroll            |       |     2 |     3 ||     5
   Stab: Sleeping          |    14 |    11 |    15 ||    40
         Distracted        |     1 |     1 |     1 ||     3
 Armour: Leather armour    |    27 |    17 |       ||    44
         Robe              |       |    27 |    88 ||   115
  Dodge: Dodged            |    94 |   169 |   354 ||   617

Table legend: (Time is in decaauts)
 A = Elapsed time spent in this place.
 B = Non-inter-level travel time spent in this place.
 C = Inter-level travel time spent in this place.
 D = Time resting spent in this place.
 E = Time spent auto-exploring this place.
 F = Levels seen in this place.
 G = Mean time per level.
                   A        B        C        D        E       F      G
               +--------+--------+--------+--------+--------+-----+--------+
         Total |   7076 |   6788 |    288 |    385 |   4564 |   7 | 1010.9 |
       Dungeon |   6899 |   6622 |    277 |    316 |   4502 |   6 | 1149.8 |
        Temple |    176 |    165 |     11 |     69 |     62 |   1 |  176.0 |
               +--------+--------+--------+--------+--------+-----+--------+

Top non-repeatable levels by time:
     D:3: 1561 daAuts
     D:1: 1342 daAuts
     D:4: 1290 daAuts
     D:5: 985 daAuts
     D:2: 935 daAuts
     D:6: 783 daAuts
  Temple: 176 daAuts
